 Dungeon Crawl Stone Soup version 0.25-a0-479-g8579842fd4 (webtiles) character file.

Game seed: 1754986791116161101, levelgen mode: deterministic

322 Notrik the Skirmisher (level 6, 0/85 HPs)
             Began as a Hill Orc Berserker on Feb 9, 2020.
             Was a Priest of Trog.
             Killed from afar by an orc wizard (8 damage)
             ... with a magic dart
             ... on level 4 of the Dungeon.
             The game lasted 00:06:00 (3642 turns).

Notrik the Skirmisher (Hill Orc Berserker)          Turns: 3642, Time: 00:06:01

Health: 0/85       AC: 11    Str: 27    XL:     6   Next: 47%
Magic:  6/6        EV: 11    Int:  7    God:    Trog [***...]
Gold:   450        SH:  0    Dex: 10    Spells: 5/5 levels left

rFire    . . .     SeeInvis .   a - +0 hand axe
rCold    . . .     Gourm    .   (no shield)
rNeg     . . .     Faith    .   d - +0 scale mail
rPois    +         Spirit   .   y - +2 helmet
rElec    .         Reflect  .   (no cloak)
rCorr    .         Harm     .   (no gloves)
MR       ++...                  (no boots)
Stlth    ..........             (no amulet)
HPRegen  1.24/turn              z - ring of poison resistance
MPRegen  0.10/turn              n - +1 ring of protection

@: berserking, lethally poisoned (0 -> 0), regenerating, very quick
A: no striking features
a: Berserk, Trog's Hand, Renounce Religion


You were on level 4 of the Dungeon.
You worshipped Trog.
Trog was most pleased with you.
You were hungry.

You visited 1 branch of the dungeon, and saw 4 of its levels.

You collected 450 gold pieces.

Inventory:

Hand Weapons
 a - a +0 hand axe (weapon)
Armour
 d - a +0 scale mail (worn)
   (You found it on level 2 of the Dungeon)
 y - a +2 helmet (worn)
   (You found it on level 3 of the Dungeon)
Jewellery
 n - a +1 ring of protection (right hand)
   (You found it on level 2 of the Dungeon)
 t - an uncursed ring of stealth
   (You found it on level 3 of the Dungeon)
 z - a ring of poison resistance (left hand)
   (You found it on level 2 of the Dungeon)
Wands
 x - a wand of acid (20)
   (You found it on level 3 of the Dungeon)
Scrolls
 b - a scroll of random uselessness {unknown}
 c - 2 scrolls of teleportation {unknown}
 g - 6 scrolls of remove curse {@r2}
 i - 2 scrolls of noise {unknown}
 o - a scroll of amnesia {unknown}
 s - a scroll of enchant armour {unknown}
 w - a scroll of magic mapping {unknown}
Potions
 f - a potion of invisibility {unknown}
 h - 2 potions of might
 j - a potion of heal wounds {unknown}
 k - 2 potions of degeneration {!q}
 m - 2 potions of lignification {!q}
 p - a potion of mutation {unknown}
 q - 2 potions of curing {@q1}
 v - a potion of berserk rage {unknown}
 A - 2 potions of magic {unknown}
 B - a potion of flight {unknown}
Comestibles
 e - 5 rations {!d}
 l - a chunk of flesh


   Skills:
 * Level 6.1 Fighting
 + Level 5.4 Axes
 + Level 3.7 Armour
 + Level 2.7 Dodging


You had 5 spell levels left.
You didn't know any spells.
Your spell library was empty.

Dungeon Overview and Level Annotations

Branches:
Dungeon (4/15)
 Temple: D:4-7

Altars:
Fedhas
Kikubaaqudgha
Trog
Uskayaw


Message History

You feel resistant to hostile enchantments.
You feel quite a bit more hungry.
You feel sick.
The orc wizard hits you but does no damage.
A red film seems to cover your vision as you go berserk!
You feel yourself moving faster!
You feel mighty!
You are feeling hungry.
You feel sick.
The orc wizard hits you but does no damage.
The orc wizard points at you and mumbles some strange words.
The magic dart hits you.
* * * LOW HITPOINT WARNING * * *
The orc hits you but does no damage.
You slash the orc!
You kill the orc!
Trog accepts your kill.
You closely miss the orc wizard.
You hit the orc wizard but do no damage.
You hit the orc.
You kill the orc!
Trog accepts your kill.
You feel sick. The orc wizard closely misses you.
The orc wizard hits you but does no damage.
You slash the orc wizard!
You kill the orc wizard!
Trog accepts your kill.
Trog appreciates your killing of a magic user.
You closely miss the orc wizard. You completely miss the orc.
The orc wizard closely misses you. The orc hits you but does no damage.
You feel sick.
The orc wizard points at you and mumbles some strange words.
The puff of flame hits you!
* * * LOW HITPOINT WARNING * * *
Things that are here:
a +0 dagger of venom; a +0 robe You completely miss the orc.
You feel sick. The orc misses you.
You barely miss the orc. You barely miss the orc wizard.
The orc wizard hits you but does no damage.
The orc closely misses you.
You slash the orc!
You kill the orc!
Trog accepts your kill.
You closely miss the orc wizard.
You feel sick.
The orc wizard hits you but does no damage.
The orc wizard closely misses you.
Things that are here:
a +0 dagger; a +4 short sword; an orc corpse You closely miss the orc wizard.
You feel sick.
The orc wizard gestures at you while chanting.
The magic dart hits you!
You die...

.##..#..#..'.#....#....#
..'...##...#.#...#.#...#
..'...##...#.#.........#
.##..#รท.#..#'###.....###
..##......##...###.### #.
##....##......#+## #.
######..#.#..#..## .
#....#.o)#...### ..
##..#.#)@#.#$..##
##......'..$#..#
##...###.#$..## #####
...### ..## ###


You could see an orc wizard.

Vanquished Creatures
  A hound (D:4)
  A bullfrog skeleton (D:4)
  Natasha (thrice) (D:3)
  An orc wizard (D:4)
  Robin (D:2)
  2 adders (D:3)
  An ooze (D:2)
  2 adder skeletons (D:4)
  2 worms
  4 dart slugs
  3 leopard geckos
  11 orcs
  2 ball pythons (D:2)
  9 bats
  7 giant cockroaches
  15 goblins
  9 hobgoblins
  9 jackals
  3 kobolds
  A quokka (D:3)
  2 frilled lizards (D:1)
  6 rats
95 creatures vanquished.

Notes
Turn   | Place    | Note
-------+----------+-------------------------------------------
     0 | D:1      | Notrik the Hill Orc Berserker began the quest for the Orb.
     0 | D:1      | Reached XP level 1. HP: 19/19 MP: 1/1
    76 | D:1      | Reached XP level 2. HP: 20/27 MP: 2/2
    80 | D:1      | Reached skill level 4 in Fighting
   401 | D:1      | Reached ** piety under Trog
   403 | D:1      | Reached XP level 3. HP: 22/33 MP: 3/3
  1216 | D:2      | Noticed Robin
  1236 | D:2      | Killed Robin
  1236 | D:2      | Reached XP level 4. HP: 31/41 MP: 4/4
  1632 | D:2      | Found a hide-covered altar of Uskayaw.
  1633 | D:2      | Found a bloodstained altar of Trog.
  1800 | D:2      | Reached *** piety under Trog
  2322 | D:3      | Noticed Natasha
  2340 | D:3      | Killed Natasha
  2340 | D:3      | Reached skill level 5 in Fighting
  2340 | D:3      | Reached XP level 5. HP: 31/48 MP: 5/5
  2740 | D:3      | Found an ancient bone altar of Kikubaaqudgha.
  2740 | D:3      | Found a blossoming altar of Fedhas.
  2853 | D:3      | Noticed Natasha
  2867 | D:3      | Killed Natasha
  2867 | D:3      | Reached skill level 5 in Axes
  3152 | D:3      | Noticed Natasha
  3163 | D:3      | Killed Natasha
  3466 | D:4      | Reached XP level 6. HP: 53/57 MP: 6/6
  3530 | D:4      | Reached skill level 6 in Fighting
  3642 | D:4      | Killed from afar by an orc wizard

Levels and vault maps discovered:
D:1:      elethiomel_arrival_shortcut, layout_loops_ring
D:2:      cheibrodos_helix_gallery, layout_loops_corners,
          chequers_temple_overflow_statue_of_worship, uniq_robin
D:3:      minmay_door_path, layout_rooms,
          grunt_temple_overflow_growth_and_decay, first_ration, uniq_natasha
D:4:      minmay_polygon_palace, layout_basic, uniq_edmund

Skill      XL: |  1  2  3  4  5  6 |
---------------+-------------------+-----
Fighting       | 4 5 6 |  6.1
Dodging        | 2 |  2.7
Armour         | 3 |  3.7
Axes           | 5 |  5.4

Action                   |  1- 3 |  4- 6 || total
-------------------------+-------+-------++-------
Melee: Hand axe          |   115 |   239 ||   354
Invok: Berserk           |     1 |     2 ||     3
       Trog's Hand       |       |     1 ||     1
  Use: Scroll            |       |     7 ||     7
  Eat: Chunk             |     2 |     6 ||     8
       Ration            |       |     1 ||     1
Armor: Animal skin       |    13 |     3 ||    16
       Scale mail        |       |    82 ||    82
Dodge: Dodged            |    90 |   132 ||   222

Table legend:
 A = Non-vault XP
 B = Vault XP
 C = Vault XP percentage of total XP
 D = Non-vault monster count
 E = Vault monster count
 F = Vault count percentage of total count
                 A         B        C        D         E       F
            +---------+---------+-------+---------+---------+-------
      Total |     266 |     194 |  42.2 |      70 |      25 |  26.3
            +---------+---------+-------+---------+---------+-------
        D:1 |      67 |       0 |   0.0 |      33 |       0 |   0.0
        D:2 |      25 |      37 |  59.7 |      10 |      13 |  56.5
        D:3 |     127 |      54 |  29.8 |      22 |       4 |  15.4
        D:4 |      47 |     103 |  68.7 |       5 |       8 |  61.5
            +---------+---------+-------+---------+---------+-------
